 Dungeon Crawl Stone Soup version 0.22-a0-402-ga933591 (webtiles) character file.

423 emperorscorpion the Covered (level 6, -1/55 HPs)
             Began as a Minotaur Fighter on May 7, 2018.
             Succumbed to a gnoll sergeant's poison
             ... on level 7 of the Dungeon.
             The game lasted 00:02:29 (1929 turns).

emperorscorpion the Covered (Minotaur Fighter)      Turns: 1929, Time: 00:02:29

Health: -1/55      AC: 11    Str: 23    XL:     6   Next: 63%
Magic:  5/5        EV:  8    Int:  5    God:
Gold:   78         SH: 10    Dex:  9    Spells: 5/5 levels left

rFire    + . .     SeeInvis .   a - +0 long sword
rCold    . . .     Gourm    .   c - +0 shield
rNeg     . . .     Faith    .   b - +0 scale mail
rPois    .         Spirit   .   (helmet restricted)
rElec    .         Reflect  .   (no cloak)
rCorr    .         Harm     .   (no gloves)
MR       .....                  (no boots)
Stlth    ..........             (no amulet)
HPRegen  0.18/turn              n - ring of protection from fire
MPRegen  0.09/turn              (no ring)

@: lethally poisoned (-1 -> -24)
A: retaliatory headbutt, horns 2, icy blue scales 1, slimy green scales 1,
screaming 1
a: no special abilities


You were on level 7 of the Dungeon.
You were hungry.

You visited 1 branch of the dungeon, and saw 7 of its levels.

You collected 78 gold pieces.

Inventory:

Hand Weapons
 a - a +0 long sword (weapon)
Missiles
 j - 10 tomahawks (quivered)
 m - 22 poisoned needles
 p - a throwing net
Armour
 b - a +0 scale mail (worn)
 c - a +0 shield (worn)
 k - a cursed +0 ring mail
Jewellery
 n - a ring of protection from fire (left hand)
Wands
 q - a wand of disintegration (9)
Scrolls
 g - a scroll of fog {unknown}
 h - 2 scrolls of remove curse {unknown}
 i - a scroll of random uselessness {unknown}
 l - a scroll of immolation {unknown}
 o - 2 scrolls of identify {unknown}
Potions
 d - 4 potions of might
Comestibles
 f - 5 rations
 r - 4 chunks of flesh


   Skills:
 + Level 4.9 Fighting
 + Level 5.1 Long Blades
 + Level 0.2 Throwing
 + Level 5.5 Armour
 + Level 1.2 Dodging
 + Level 0.2 Stealth
 + Level 5.2 Shields


You had 5 spell levels left.
You didn't know any spells.

Dungeon Overview and Level Annotations

Branches:
Dungeon (7/15)
 Temple: D:4-7

Altars:
Okawaru


Innate Abilities, Weirdness & Mutations

You reflexively headbutt those who attack you in melee.
You have a pair of horns on your head.
You are partially covered in icy blue scales. (AC +2)
You are partially covered in slimy green scales. (AC +2)
You occasionally shout uncontrollably at your foes.


Message History

Icy blue scales grow over part of your body.
You feel very sick. The gnoll closely misses you.
You block the gnoll sergeant's attack.
* * * LOW HITPOINT WARNING * * *
You feel sick.
The gnoll sergeant hits you but does no damage.
You are more poisoned.
* * * LOW HITPOINT WARNING * * *
You feel very sick.
* * * LOW HITPOINT WARNING * * *
You feel sick.
* * * LOW HITPOINT WARNING * * *
You feel very sick.
* * * LOW HITPOINT WARNING * * *
You feel very sick.
* * * LOW HITPOINT WARNING * * *
You feel sick.
* * * LOW HITPOINT WARNING * * *
You feel sick.
You die...

#......###..#.
#.
#.........[...
..
######.###...#
#. #.# ##..# #.
#.# #.># #. #.#
#### #. #.#
#.#.#########.#
#...@...ggg...#
###.#########.#
#. gg..g...<#
## #######..#
#..# #..# ...#
##.# .#


You could see a gnoll sergeant and 2 gnolls.

Vanquished Creatures
  An ice beast (D:5)
  A phantom (D:5)
  A howler monkey (D:4)
  A centaur zombie (D:5)
  A gnoll shaman (D:7)
  2 worker ants
  3 gnolls (D:7)
  An adder (D:4)
  An ooze (D:2)
  An adder zombie (D:4)
  A worm (D:4)
  2 dart slugs
  5 leopard geckos
  8 orcs
  2 bats
  4 giant cockroaches
  A goblin (D:1)
  A hobgoblin (D:2)
  A quokka (D:3)
  2 jackal skeletons
  A kobold (D:2)
  3 rats (D:1)
44 creatures vanquished.

Notes
Turn   | Place    | Note
-------+----------+-------------------------------------------
     0 | D:1      | emperorscorpion the Minotaur Fighter began the quest for the Orb.
     0 | D:1      | Reached XP level 1. HP: 19/19 MP: 0/0
   105 | D:1      | Reached XP level 2. HP: 15/27 MP: 1/1
   275 | D:1      | You fall through a shaft!
   367 | D:2      | Found an iron altar of Okawaru.
   527 | D:5      | Entered Level 5 of the Dungeon
   564 | D:5      | Noticed a phantom
   567 | D:5      | Noticed an ice beast
   570 | D:5      | Reached XP level 3. HP: 6/33 MP: 2/2
  1139 | D:4      | Reached XP level 4. HP: 37/41 MP: 3/3
  1411 | D:5      | Killed an ice beast
  1411 | D:5      | Reached skill level 5 in Armour
  1411 | D:5      | Reached skill level 1 in Dodging
  1411 | D:5      | Reached XP level 5. HP: 34/47 MP: 4/4
  1472 | D:5      | Reached skill level 5 in Shields
  1491 | D:5      | Killed a phantom
  1491 | D:5      | Reached XP level 6. HP: 43/55 MP: 5/5
  1826 | D:7      | Reached skill level 5 in Long Blades
  1921 | D:7      | Gained mutation: You are partially covered in slimy green scales. (AC +2) [potion of mutation]
  1921 | D:7      | Gained mutation: You occasionally shout uncontrollably at your foes. [potion of mutation]
  1921 | D:7      | Gained mutation: You are partially covered in icy blue scales. (AC +2) [potion of mutation]
  1928 | D:7      | HP: 1/55 [poisoned by a gnoll sergeant]
  1929 | D:7      | Succumbed to a gnoll sergeant's poison

Vault maps used:
D:1:      eino_arrival_cavern_d, kennysheep_small_spiral
D:2:      okawaru_metal_pillars_1_2, uniq_natasha
D:3:      tso_metal_star
D:4:      first_ration, gup_sewer_entry_pipe, serial_bayou_pond_e
D:5:      gammafunk_temple_overflow_forgotten,
          minmay_temple_entry_enclosed_plants, serial_shops, shop,
          uniq_crazy_yiuf_cottage
D:6:      st_stairs_1, serial_bayou_pond_a
D:7:      grunt_livestock

Skill      XL: |  1  2  3  4  5  6 |
---------------+-------------------+-----
Armour         | 4 5 |  5.5
Fighting       | 4 |  4.9
Shields        | 4 5 |  5.2
Long Blades    | 3 4 5 |  5.1
Dodging        | 1 |  1.2
Throwing       | |  0.2
Stealth        | |  0.2

Action                   |  1- 3 |  4- 6 || total
-------------------------+-------+-------++-------
Melee: Long sword        |    78 |    72 ||   150
       Headbutt          |    14 |    13 ||    27
Throw: Tomahawk          |       |     3 ||     3
  Use: Potion            |       |     1 ||     1
  Eat: Chunk             |     1 |     2 ||     3
Armor: Scale mail        |    29 |    26 ||    55
Dodge: Dodged            |    21 |    16 ||    37
Block: Shield            |    43 |    38 ||    81
       Rpst.: Long sword |     8 |     3 ||    11

Table legend:
 A = Spawn XP
 B = Non-spawn XP
 C = Spawn XP percentage of total XP
 D = Spawn monster count
 E = Non-spawn monster count
 F = Spawn count percentage of total count
 G = Total turns spent on level
                    A         B        C        D         E        F      G
               +---------+---------+-------+---------+---------+-------+---------
         Total |       0 |     605 |   0.0 |       0 |      44 |   0.0 |  1929
               +---------+---------+-------+---------+---------+-------+---------
           D:1 |       0 |      16 |   0.0 |       0 |       8 |   0.0 |   275
           D:2 |       0 |      16 |   0.0 |       0 |       5 |   0.0 |   161
           D:3 |       0 |       2 |   0.0 |       0 |       1 |   0.0 |    83
           D:4 |       0 |     152 |   0.0 |       0 |      18 |   0.0 |   810
           D:5 |       0 |     304 |   0.0 |       0 |       6 |   0.0 |   293
           D:7 |       0 |     115 |   0.0 |       0 |       6 |   0.0 |   269
               +---------+---------+-------+---------+---------+-------+---------
